 Dungeon Crawl Stone Soup version 0.20-a0-800-g4a616ed (webtiles) character file.

480 Patate the Skirmisher (level 7, 0/47 HPs)
             Began as a Gargoyle Fighter on Mar 2, 2017.
             Was an Initiate of Okawaru.
             Slain by an ogre
             ... wielding a +0 giant spiked club
              (19 damage)
             ... on level 5 of the Dungeon.
             The game lasted 00:13:49 (4424 turns).

Patate the Skirmisher (Gargoyle Fighter)            Turns: 4424, Time: 00:13:50

Health: 0/47       AC: 12    Str: 26    XL:     7   Next: 12%
Magic:  7/7        EV:  7    Int:  9    God:    Okawaru [......]
Gold:   311        SH:  9    Dex:  9    Spells: 6/6 levels left

rFire    . . .     SeeInvis .   a - +0 flail
rCold    . . .     Gourm    .   b - +0 scale mail
rNeg     + . .     Faith    .   c - +0 shield
rPois    ∞         Spirit   .   (no helmet)
rElec    +         Reflect  .   (no cloak)
rCorr    .         Harm     .   (no gloves)
MR       .....                  (no boots)
Stlth    ..........             (no amulet)
Regen    0.2/turn               (no ring)
MPRegen  0.1/turn               q - ring of flight

@: mighty
A: negative energy resistance 1, electricity resistance, unbreathing,
petrification resistance, rot immunity, AC +4
a: Renounce Religion, Evoke Flight


You were on level 5 of the Dungeon.
You worshipped Okawaru.
Okawaru was noncommittal.
You were not hungry.

You visited 2 branches of the dungeon, and saw 6 of its levels.

You collected 311 gold pieces.

Inventory:

Hand Weapons
 a - a +0 flail (weapon)
Armour
 b - a +0 scale mail (worn)
 c - a +0 shield (worn)
Jewellery
 q - a ring of flight (left hand)
Wands
 s - a wand of disintegration (16/24)
Scrolls
 e - 7 scrolls of teleportation
 g - a scroll of enchant armour {unknown}
 h - 3 scrolls of fog {unknown}
 i - 3 scrolls of identify
 j - 3 scrolls of immolation {unknown}
 k - 2 scrolls of remove curse {unknown}
 p - 3 scrolls of amnesia {unknown}
 u - 2 scrolls of magic mapping {unknown}
 w - 2 scrolls of blinking {unknown}
Potions
 l - 2 potions of heal wounds
 m - a potion of haste
 o - 2 potions of curing
 r - 2 potions of cancellation
 v - 2 potions of mutation {unknown}
Comestibles
 f - 3 bread rations
 n - a royal jelly
 t - 2 meat rations


   Skills:
 * Level 6.4 Fighting
 + Level 4.0 Maces & Flails
 + Level 5.2 Armour
 - Level 3.2 Shields


You had 6 spell levels left.
You didn't know any spells.

Dungeon Overview and Level Annotations

Branches:
Dungeon (5/15)             Temple (1/1) D:4

Altars:
Ashenzari
Cheibriados
Dithmenos
Elyvilon
Fedhas
Gozag
Hepliaklqana
Kikubaaqudgha
Makhleb
Nemelex Xobeh
Okawaru
Qazlal
Ru
Sif Muna
Trog
Uskayaw
Vehumet
Wu Jian
Xom
Yredelemnul
Zin
The Shining One

Annotations:
D:3 Mulkerokala's ghost, amateur DgWn


Innate Abilities, Weirdness & Mutations

You are resistant to torment.
Your stone body is resilient. (AC +4)
You are immune to poison.
You resist negative energy. (rN+)
You are resistant to electric shocks. (rElec)
You can survive without breathing.
You are immune to petrification.
You are immune to rotting.


Message History

The ogre barely misses you.
Your shield prevents you from hitting the ogre.
The ogre is moderately wounded.
You block the ogre's attack.
Your shield and scale mail prevent you from hitting the ogre.
The ogre is moderately wounded.
The ogre hits you with a giant spiked club!!
You hit the ogre.
The ogre is heavily wounded.
You block the ogre's attack.
Okay, then.
You feel very mighty all of a sudden. The ogre barely misses you.
Your shield prevents you from hitting the ogre.
The ogre is heavily wounded.
The ogre barely misses you.
You sock the ogre!
The ogre is severely wounded.
The ogre hits you with a giant spiked club!!
You die...

### ... #.# ._. #####
#.# ######## ...# #.#
##.......
#.####.######...#####
#..O@...........# #.
######.######...# #.
#.# ##### #. #.# ##.
#.# #.. ..# ##.
############ #.
#.........# ##.
#.#######.###..


You could see an ogre.

Vanquished Creatures
  An ogre (D:4)
  A centaur (D:4)
  A howler monkey (D:5)
  The ghost of M4edhros the Sneak, a weakling OpAr (D:4)
  A jelly (D:5)
  An iguana (D:4)
  2 worker ants
  3 adders
  3 worms
  2 dart slugs (D:3)
  2 leopard geckos
  6 orcs
  14 giant cockroaches
  5 goblins
  8 hobgoblins
  3 jackals (D:4)
  5 quokkas
  A ball python skeleton (D:3)
  4 bats
  9 frilled lizards
  7 kobolds
  A quokka skeleton (D:4)
  6 rats
87 creatures vanquished.

Notes
Turn   | Place    | Note
-------+----------+-------------------------------------------
     0 | D:1      | Patate the Gargoyle Fighter began the quest for the Orb.
     0 | D:1      | Reached XP level 1. HP: 14/14 MP: 1/1
   146 | D:1      | Reached XP level 2. HP: 19/19 MP: 2/2
   834 | D:2      | Found a shattered altar of Ashenzari.
  1015 | D:2      | Found a sparkling altar of Nemelex Xobeh.
  1017 | D:2      | Found a glowing silver altar of Zin.
  1019 | D:2      | Found a radiant altar of Vehumet.
  1026 | D:2      | Reached XP level 3. HP: 24/24 MP: 3/3
  1475 | D:3      | Reached skill level 4 in Fighting
  1505 | D:3      | Noticed Mulkerokala's ghost (amateur DgWn)
  1807 | D:3      | Reached XP level 4. HP: 28/29 MP: 4/4
  2537 | D:4      | Reached XP level 5. HP: 19/34 MP: 5/5
  2688 | D:4      | Noticed a centaur
  2704 | D:4      | Killed a centaur
  2704 | D:4      | Reached skill level 5 in Fighting
  2990 | D:4      | Noticed M4edhros's ghost (weakling OpAr)
  2994 | D:4      | Killed M4edhros's ghost
  2994 | D:4      | Reached XP level 6. HP: 36/40 MP: 6/6
  3616 | D:4      | Found a staircase to the Ecumenical Temple.
  3629 | D:4      | Reached skill level 5 in Armour
  3696 | Temple   | Entered the Ecumenical Temple
  3812 | Temple   | Became a worshipper of Warmaster Okawaru
  3900 | D:5      | Entered Level 5 of the Dungeon
  3909 | D:5      | Reached skill level 6 in Fighting
  3990 | D:5      | Reached XP level 7. HP: 30/46 MP: 7/7
  4176 | D:5      | Found an opulent altar of Gozag.
  4403 | D:5      | Found a hide-covered altar of Uskayaw.
  4424 | D:5      | Slain by an ogre

Vault maps used:
D:1:      saegor_arrival_simple_e, wad_floor_pattern_2, minmay_misc_feat_iff
D:2:      grunt_temple_overflow_open, evilmike_ruin_ashenzari
D:3:      minmay_roachtagon
D:4:      minmay_temple_entry_enclosed_plants, hangedman_decor_opposing
D:5:      lemuel_crystal_altar, basic_altar, first_bread, serial_shops, shop,
          uniq_grinder
Temple:   minmay_crystal_spiral_temple

Skill      XL: |  1  2  3  4  5  6 |
---------------+-------------------+-----
Fighting       | 4 5 6 |  6.4
Armour         | 4 5 |  5.2
Maces & Flails | 3 4 |  4.0
Shields        | |  3.2

Action                   |  1- 3 |  4- 6 |  7- 9 || total
-------------------------+-------+-------+-------++-------
Melee: Flail             |   145 |   200 |    27 ||   372
  Use: Scroll            |       |     5 |       ||     5
       Potion            |       |     1 |     1 ||     2
  Eat: Chunk             |     3 |     7 |     2 ||    12
Armor: Scale mail        |    88 |    99 |     7 ||   194
Dodge: Dodged            |    39 |    63 |     8 ||   110
Block: Shield            |    86 |   108 |    10 ||   204
